 Dungeon Crawl Stone Soup version 0.27-a0-1101-ge311f74bc8 (webtiles) character file.

Game seed: 13594078314713442959

59 siradein the Cutter (level 3, 0/27 HPs)
             Began as a Vampire Gladiator on Apr 28, 2021.
             Slain by a kobold
             ... wielding a +0 club
              (4 damage)
             ... on level 3 of the Dungeon.
             The game lasted 00:03:20 (1906 turns).

siradein the Cutter (Vampire Gladiator)             Turns: 1906, Time: 00:03:21

Health: 0/27       AC:  4    Str: 13    XL:     3   Next: 78%
Magic:  3/3        EV: 12    Int: 10    God:
Gold:   76         SH:  0    Dex: 16    Spells: 2/2 levels left

rFire    . . .     SeeInvis +   a - +0 rapier
rCold    . . .     Faith    .   (no shield)
rNeg     . . .     Spirit   .   b - +0 leather armour
rPois    .         Reflect  .   c - +0 helmet
rElec    .         Harm     .   (no cloak)
rCorr    .         Rampage  .   (no gloves)
Will     .....                  (no boots)
Stlth    +.........             (no amulet)
HPRegen  0.29/turn              (no ring)
MPRegen  0.08/turn              (no ring)

@: healing quickly
A: alive, fangs 3, see invisible, unbreathing 1, vampiric 2
a: Exsanguinate


You were on level 3 of the Dungeon.
You visited 1 branch of the dungeon, and saw 3 of its levels.

You collected 76 gold pieces.

Inventory:

Hand Weapons
 a - a +0 rapier (weapon)
Missiles
 d - 3 throwing nets (quivered)
Armour
 b - a +0 leather armour (worn)
 c - a +0 helmet (worn)
Scrolls
 e - 2 scrolls of identify {unknown}
 f - a scroll of fear {unknown}
 g - a scroll of enchant armour {unknown}
 h - 2 scrolls of fog {unknown}
 i - a scroll of torment {unknown}
 j - a scroll of teleportation {unknown}
 m - a scroll of amnesia {unknown}
 n - a scroll of blinking {unknown}
Potions
 k - a potion of ambrosia {unknown}
 l - 2 potions of degeneration {unknown}


   Skills:
 - Level 1.7 Fighting
 + Level 5.2 Short Blades
 - Level 1.5 Throwing
 - Level 3.2 Dodging


You had 2 spell levels left.
You didn't know any spells.
Your spell library was empty.

Dungeon Overview and Level Annotations

Branches:
Dungeon (3/15)

Altars:

Shops:
D:2 (


Innate Abilities, Weirdness & Mutations

Your natural rate of healing is accelerated.
You have razor-sharp teeth.
You have supernaturally acute eyesight. (SInv)
You can survive without breathing.
You are afflicted with vampirism and can become a bat while bloodless.


Message History

A hobgoblin is nearby!
The hobgoblin shouts!
The hobgoblin throws a poisoned dart.
The poisoned dart closely misses you.
The hobgoblin throws a poisoned dart.
The poisoned dart hits you!
You are poisoned.
A kobold comes into view. It is wielding a +0 club.
You feel sick.
You feel sick.
The hobgoblin throws a poisoned dart.
The poisoned dart hits you!
You are more poisoned.
You feel very sick. The hobgoblin hits you.
You closely miss the hobgoblin.
You feel sick. The hobgoblin misses you.
You barely miss the hobgoblin.
You feel sick. The hobgoblin hits you.
You hit the hobgoblin.
You bite the hobgoblin, but do no damage.
The hobgoblin is heavily wounded.
You feel sick. The hobgoblin hits you.
You are too injured to fight recklessly!
You are too injured to fight recklessly!
You are too injured to fight recklessly!
You hit the hobgoblin. Your bite misses the hobgoblin.
The hobgoblin is severely wounded.
You feel sick. The hobgoblin completely misses you.
You barely miss the hobgoblin.
The hobgoblin is severely wounded.
You feel sick. The hobgoblin barely misses you.
You closely miss the hobgoblin.
The hobgoblin is severely wounded.
You feel sick.
The hobgoblin hits you but does no damage.
You hit the hobgoblin.
You kill the hobgoblin!
You feel sick.
You barely miss the kobold. The kobold hits you with a +0 club.
* * * LOW HITPOINT WARNING * * *
You feel sick.
You are no longer poisoned.
You barely miss the kobold. The kobold hits you with a +0 club.
You die...

#.##.# #.##.#
#.#..# ### #.#.##
#.. .#.#.# #.#
#..#.##### #.#
#.......###.#
#...........######
#...###.##.....@K#
#....#
#.##.#####.(......
.##.## #.##.#
######.## # #.
#.##.# #. #.##.#
#. #.##.# #....#
###


You could see a kobold.

Vanquished Creatures
  An adder (D:2)
  An orc (D:2)
  3 bats
  8 endoplasms
  A giant cockroach (D:2)
  9 goblins
  6 hobgoblins
  3 kobolds
  A quokka (D:2)
  3 ball pythons
  4 frilled lizards
  2 rats
42 creatures vanquished.

Notes
Turn   | Place    | Note
-------+----------+-------------------------------------------
     0 | D:1      | siradein the Vampire Gladiator began the quest for the Orb.
     0 | D:1      | Reached XP level 1. HP: 16/16 MP: 1/1
   276 | D:1      | Reached skill level 4 in Short Blades
   276 | D:1      | Reached XP level 2. HP: 22/22 MP: 2/2
   953 | D:2      | Found a faded altar of an unknown god.
   971 | D:2      | Found Kym Limpe's Antique Weapon Boutique.
  1110 | D:2      | Gained mutation: You are afflicted with vampirism and can
                  | become a bat while bloodless. [Vampire growth]
  1110 | D:2      | Reached XP level 3. HP: 22/27 MP: 3/3
  1256 | D:2      | Reached skill level 5 in Short Blades
  1906 | D:3      | Slain by a kobold

Illustrated notes

Levels and vault maps discovered:
D:1:      psy_arrival_whirlpool, layout_basic, hex_large
D:2:      layout_basic, serial_shops, shop, ebering_ecumenical_altar_abandoned,
          minmay_misc_feat_hallway
D:3:      layout_loops_ring, serial_shops, shop_fountains

Skill      XL: |  1  2  3 |
---------------+----------+-----
Short Blades   | 4 5 |  5.2
Fighting       | |  1.7
Throwing       | |  1.5
Dodging        | |  3.2

Action                   || total
-------------------------++-------
Melee: Rapier            ||   141
       Bite              ||    12
 Stab: Sleeping          ||     1
Armor: Leather armour    ||    50
Dodge: Dodged            ||   102

Table legend: (Time is in decaauts)
 A = Elapsed time spent in this place.
 B = Non-inter-level travel time spent in this place.
 C = Inter-level travel time spent in this place.
 D = Time resting spent in this place.
 E = Time spent auto-exploring this place.
 F = Levels seen in this place.
 G = Mean time per level.
                   A        B        C        D        E       F      G
               +--------+--------+--------+--------+--------+-----+--------+
         Total |   1904 |   1856 |     48 |      0 |   1558 |   3 |  634.7 |
       Dungeon |   1904 |   1856 |     48 |      0 |   1558 |   3 |  634.7 |
               +--------+--------+--------+--------+--------+-----+--------+

Top non-repeatable levels by time:
     D:1: 938 daAuts
     D:2: 900 daAuts
     D:3: 65 daAuts
